[Event "Titled Tuesday Blitz June 13 Late 2023"]
[White "krucki03"]
[Black "Dardha, Daniel"]
[BlackFideId "240990"]
[WhiteElo "2469"]
[BlackElo "2572"]
[Result "0-1"]
[Round "1"]
[TimeControl "180+2"]
[Date "2023.06.13"]
[WhiteClock "0:00:02"]
[BlackClock "0:01:24"]
[Board "45"]

1. e4 c5 2. Nf3 d6 3. Nc3 Nf6 4. d4 cxd4 5. Qxd4 Bd7 6. Bg5 Nc6 7. Qd3 e6 8. a3 a6 9. Be2 Be7 10. O-O Rc8 11. Rad1 O-O 12. Bf4 e5 13. Bg5 Ne8 14. Bxe7 Nxe7 15. Nxe5 Be6 16. Nf3 Qb6 17. Rb1 Nf6 18. Nd4 Bc4 19. Qd2 Bxe2 20. Ndxe2 Rfe8 21. h3 Ng6 22. Nd4 Nxe4 23. Nxe4 Rxe4 24. Nf5 Re6 25. c3 Qc5 26. Nd4 Re7 27. Rbe1 Rce8 28. Rxe7 Rxe7 29. Re1 Re5 30. Rxe5 dxe5 31. Nf5 Qc7 32. h4 Nf4 33. Qe3 g6 34. Nh6+ Kg7 35. Ng4 f6 36. g3 Nd5 37. Qf3 Qc6 38. h5 gxh5 39. Nh2 Kh6 40. Nf1 Ne7 41. Qe3+ Kg7 42. Nd2 Ng6 43. Ne4 h4 44. gxh4 Nxh4 45. Qg3+ Ng6 46. f3 f5 47. Ng5 Qd5 48. Qf2 Nf4 49. Kh2 Qd6 50. Nh3 Qh6 51. Qg3+ Kf6 52. b4 0-1


[Site "https://www.chess.com"]

[Event "Titled Tuesday Blitz June 13 Late 2023"]
[White "Pap, Gyula"]
[Black "Jonkman, Harmen"]
[WhiteFideId "725323"]
[BlackFideId "1002708"]
[WhiteElo "2519"]
[BlackElo "2368"]
[Result "1-0"]
[Round "1"]
[TimeControl "180+2"]
[Date "2023.06.13"]
[WhiteClock "0:02:02"]
[BlackClock "0:00:23"]
[Board "46"]

1. d4 d5 2. c4 dxc4 3. Nf3 Nf6 4. e3 e6 5. Bxc4 a6 6. O-O c5 7. dxc5 Bxc5 8. Qxd8+ Kxd8 9. Rd1+ Ke7 10. Nbd2 b5 11. Be2 Bb7 12. a4 bxa4 13. Rxa4 Nbd7 14. Nb3 Rhc8 15. Nxc5 Nxc5 16. Ra3 Bd5 17. Bd2 Rab8 18. b4 Nce4 19. Be1 Bc4 20. Bxc4 Rxc4 21. Rxa6 Nd5 22. Ne5 Rc7 23. Nc6+ Rxc6 24. Rxc6 Nxb4 25. Rc4 1-0


[Site "https://www.chess.com"]

[Event "Titled Tuesday Blitz June 13 Late 2023"]
[White "SergioMoralesG"]
[Black "Hansen, Eric"]
[BlackFideId "2606771"]
[WhiteElo "2467"]
[BlackElo "2561"]
[Result "0-1"]
[Round "1"]
[TimeControl "180+2"]
[Date "2023.06.13"]
[WhiteClock "0:01:21"]
[BlackClock "0:02:26"]
[Board "47"]

1. e4 c5 2. Nf3 e6 3. d4 cxd4 4. Nxd4 a6 5. c4 Nf6 6. Bd3 Nc6 7. Nxc6 dxc6 8. O-O e5 9. Nc3 Be6 10. Bg5 h6 11. Bh4 Bc5 12. Qe2 Qe7 13. a3 Rd8 14. Rad1 g5 15. Bg3 Bg4 16. Qc2 Bxd1 17. Rxd1 h5 18. h4 Ng4 19. hxg5 h4 0-1


[Site "https://www.chess.com"]

[Event "Titled Tuesday Blitz June 13 Late 2023"]
[White "Maksimovic, Bojan"]
[Black "Rios Escobar, Adan"]
[WhiteFideId "14408120"]
[BlackFideId "3403645"]
[WhiteElo "2457"]
[BlackElo "2465"]
[Result "0-1"]
[Round "1"]
[TimeControl "180+2"]
[Date "2023.06.13"]
[WhiteClock "0:00:14"]
[BlackClock "0:00:11"]
[Board "48"]

1. Nf3 Nf6 2. g3 g6 3. Bg2 Bg7 4. d3 c5 5. Bd2 d6 6. Qc1 h5 7. h3 Nc6 8. Nc3 e5 9. e4 Nd4 10. O-O Nxf3+ 11. Bxf3 Bxh3 12. Bg5 Qd7 13. Bg2 Bxg2 14. Kxg2 Nh7 15. Nd5 f6 16. Be3 h4 17. Rh1 hxg3 18. fxg3 O-O-O 19. b4 f5 20. Qa3 Nf6 21. Qxa7 Nxd5 22. exd5 f4 23. Bf2 f3+ 24. Kxf3 Rdf8+ 25. Kg2 Qg4 26. Qa8+ Kc7 27. Qa5+ Kb8 28. Rh4 Qf3+ 29. Kh3 Rxh4+ 30. Kxh4 Qh5# 0-1


[Site "https://www.chess.com"]

[Event "Titled Tuesday Blitz June 13 Late 2023"]
[White "Przybylski, Wojciech"]
[Black "Jumabayev, Rinat"]
[WhiteFideId "1117599"]
[BlackFideId "13702661"]
[WhiteElo "2228"]
[BlackElo "2561"]
[Result "0-1"]
[Round "1"]
[TimeControl "180+2"]
[Date "2023.06.13"]
[WhiteClock "0:00:27"]
[BlackClock "0:00:55"]
[Board "49"]

1. e4 d6 2. d4 g6 3. Nc3 Bg7 4. Nf3 a6 5. a4 Nc6 6. h3 Nf6 7. Be3 O-O 8. Be2 b6 9. O-O Bb7 10. Re1 e6 11. Qd2 Ne7 12. Bd3 c5 13. Qe2 cxd4 14. Bxd4 e5 15. Be3 Qc7 16. Bg5 h6 17. Bh4 Rfc8 18. Nd2 d5 19. exd5 Nfxd5 20. Nxd5 Nxd5 21. Bg3 Re8 22. Nc4 Qc6 23. f3 Nf4 24. Qf1 Rac8 25. Be4 Qxc4 26. Bxb7 Qc5+ 27. Bf2 Qxc2 28. Bxc8 Rxc8 29. Rac1 Qxc1 30. Rxc1 Rxc1 31. Qxc1 Ne2+ 32. Kf1 Nxc1 33. Bxb6 e4 34. b4 exf3 35. gxf3 Na2 36. Bc5 Bf8 37. Bxf8 Kxf8 38. b5 axb5 39. axb5 Ke7 40. Ke2 Nc3+ 41. Kd3 Nxb5 42. Kc4 Nd6+ 43. Kd5 g5 44. Ke5 f6+ 45. Kd5 Nf5 46. Ke4 Nh4 47. f4 Ke6 48. fxg5 hxg5 49. Ke3 Ke5 50. Kf2 Kf4 51. Kg1 Kg3 52. Kh1 Kxh3 53. Kg1 f5 54. Kh1 f4 55. Kg1 g4 56. Kh1 g3 57. Kg1 f3 58. Kh1 Nf5 59. Kg1 Ne3 60. Kh1 Kg4 61. Kg1 Kh4 62. Kh1 Kh3 63. Kg1 f2+ 64. Kh1 f1=Q# 0-1


[Site "https://www.chess.com"]

[Event "Titled Tuesday Blitz June 13 Late 2023"]
[White "Chigaev, Maksim"]
[Black "Seletsky, Grigory"]
[WhiteFideId "4108116"]
[BlackFideId "14112191"]
[WhiteElo "2561"]
[BlackElo "2491"]
[Result "1/2-1/2"]
[Round "1"]
[TimeControl "180+2"]
[Date "2023.06.13"]
[WhiteClock "0:00:07"]
[BlackClock "0:00:15"]
[Board "50"]

1. Nf3 d5 2. g3 c6 3. Bg2 Bf5 4. O-O Nf6 5. c4 e6 6. d3 Nbd7 7. Qb3 Nc5 8. Qc2 Be7 9. Be3 Rc8 10. h3 O-O 11. b4 Ncd7 12. a3 a6 13. Nh4 Bg6 14. Nxg6 hxg6 15. Nd2 e5 16. Nb3 Re8 17. Rfd1 Bd6 18. Rac1 Qe7 19. Qb1 Nf8 20. Bg5 d4 21. c5 Bc7 22. a4 Ne6 23. Bxf6 gxf6 24. b5 axb5 25. axb5 Qd7 26. Qc2 Kg7 27. Ra1 Rh8 28. Ra7 Bb8 29. bxc6 Rxc6 30. Ra8 Ng5 31. h4 Nh3+ 32. Kf1 Qf5 33. f3 Qd7 34. Na5 g5 35. Nxc6 bxc6 36. Rb1 Bc7 37. Rxh8 Kxh8 38. Rb7 gxh4 39. Rxc7 Qxc7 40. Bxh3 hxg3 41. Kg2 Qa5 42. Qc1 Kg7 43. Kxg3 Qc3 44. Qd1 Qxc5 45. Kg2 Qc3 46. Bf5 c5 47. Kf2 Kf8 48. Qb1 Qd2 49. Qb8+ Kg7 50. Qb7 Qe3+ 51. Kf1 Qc1+ 52. Kf2 Qe3+ 53. Kf1 Qc1+ 54. Kf2 Qe3+ 1/2-1/2


[Site "https://www.chess.com"]

[Event "Titled Tuesday Blitz June 13 Late 2023"]
[White "Kielinkei"]
[Black "Horvath, Dominik"]
[BlackFideId "1642561"]
[WhiteElo "2459"]
[BlackElo "2407"]
[Result "1/2-1/2"]
[Round "1"]
[TimeControl "180+2"]
[Date "2023.06.13"]
[WhiteClock "0:00:35"]
[BlackClock "0:00:20"]
[Board "51"]

1. d4 Nf6 2. c4 e6 3. g3 d5 4. Bg2 Be7 5. Nf3 O-O 6. Qc2 a6 7. cxd5 exd5 8. O-O Re8 9. Nc3 Bf8 10. Bg5 c6 11. Ne5 Nbd7 12. Nxd7 Bxd7 13. e4 dxe4 14. Nxe4 Be7 15. Nxf6+ Bxf6 16. Bxf6 Qxf6 17. d5 Bf5 18. Qb3 cxd5 19. Qxd5 b5 20. b3 Rad8 21. Qf3 h6 22. Rfe1 Qg6 23. Rad1 Rxd1 24. Qxd1 Be6 25. Qd6 a5 26. Qc6 Rb8 27. Qc7 Rc8 28. Qxa5 Qd3 29. Bf1 Qf3 30. Bg2 Qd3 31. Bf1 Qf3 32. Bg2 Qd3 1/2-1/2


[Site "https://www.chess.com"]

[Event "Titled Tuesday Blitz June 13 Late 2023"]
[White "Remizov, Yaroslav"]
[Black "Bettalli, Francesco"]
[WhiteFideId "34134015"]
[BlackFideId "2816453"]
[WhiteElo "2405"]
[BlackElo "2216"]
[Result "1-0"]
[Round "1"]
[TimeControl "180+2"]
[Date "2023.06.13"]
[WhiteClock "0:00:13"]
[BlackClock "0:00:10"]
[Board "52"]

1. e4 g6 2. d4 Bg7 3. Nf3 c6 4. Be3 d6 5. Bd3 Nf6 6. h3 Nbd7 7. O-O e5 8. c3 O-O 9. Re1 Qc7 10. Nbd2 b6 11. a4 a5 12. Qc2 Nh5 13. Bf1 Nf4 14. g3 Ne6 15. Kh2 f5 16. dxe5 dxe5 17. Bc4 Qd6 18. exf5 gxf5 19. Ng5 Nc5 20. Bxc5 bxc5 21. Rad1 Qe7 22. f4 e4 23. Ndxe4 fxe4 24. Qxe4 Rf6 25. Nxe6 Bxe6 26. Bxe6+ Kh8 27. Rd7 Qf8 28. f5 Rb8 29. Re2 Rd8 30. Qxc6 Rxd7 31. Qxd7 Rh6 32. Bd5 Qf6 33. Re8+ Bf8 34. Qe6 Qg7 35. Qe5 Qxe5 36. Rxe5 Kg7 37. Re8 Bd6 38. Kg2 Rf6 39. g4 h5 40. Kf3 hxg4+ 41. hxg4 Rh6 42. g5 Rh3+ 43. Kg4 Rg3+ 44. Kh4 Rg1 45. f6+ Kg6 46. Rg8+ Kh7 47. f7 Rh1+ 48. Bxh1 c4 49. Be4# 1-0


[Site "https://www.chess.com"]

[Event "Titled Tuesday Blitz June 13 Late 2023"]
[White "Dudzinski, Pawel"]
[Black "Moroni, Luca Jr"]
[WhiteFideId "1117890"]
[BlackFideId "865834"]
[WhiteElo "2099"]
[BlackElo "2569"]
[Result "0-1"]
[Round "1"]
[TimeControl "180+2"]
[Date "2023.06.13"]
[WhiteClock "0:00:14"]
[BlackClock "0:00:54"]
[Board "53"]

1. e4 g6 2. Nc3 Bg7 3. g3 e5 4. Bg2 Ne7 5. Nge2 O-O 6. O-O d6 7. d4 exd4 8. Nxd4 Nbc6 9. Be3 Bd7 10. h3 Re8 11. Kh2 Ne5 12. b3 a6 13. f4 N5c6 14. Re1 Kh8 15. Qd2 Be6 16. Rad1 Qd7 17. Nd5 Bxd5 18. exd5 Nxd4 19. Bxd4 Nf5 20. Bxg7+ Nxg7 21. h4 Rxe1 22. Rxe1 Re8 23. Bh3 Qd8 24. Re3 Kg8 25. Qe2 Kf8 26. Rxe8+ Nxe8 27. c4 a5 28. Kg1 b6 29. a4 Qf6 30. Qe3 Qa1+ 31. Kf2 Qb2+ 32. Kf3 Nf6 33. f5 Kg7 34. fxg6 hxg6 35. Bf1 Nd7 36. Be2 Nc5 37. Bd1 Qf6+ 38. Ke2 Qa1 39. Bc2 Nd7 40. Kd2 Ne5 41. h5 Qf1 42. hxg6 fxg6 43. Qf4 Qg2+ 44. Kc3 Qf3+ 45. Qxf3 Nxf3 46. Be4 Ne5 47. Kd4 Kf6 48. Ke3 Kg5 49. Bf3 Nxf3 50. Kxf3 Kf5 51. Ke3 Kg4 52. Kf2 Kh3 53. Kf3 g5 54. Ke4 Kxg3 55. Kf5 g4 56. Ke6 Kf4 57. Kd7 g3 58. Kxc7 Ke5 59. Kxb6 g2 60. Kxa5 g1=Q 61. b4 Qa7+ 62. Kb5 Qb7+ 63. Ka5 Kd4 64. c5 dxc5 65. b5 Kxd5 66. b6 c4 67. Kb5 c3 68. a5 c2 69. a6 Qd7+ 70. Ka5 c1=Q 71. a7 Qa3# 0-1


[Site "https://www.chess.com"]

[Event "Titled Tuesday Blitz June 13 Late 2023"]
[White "Talibov, Shiroghlan"]
[Black "ArchibaldCerveza29"]
[WhiteFideId "13429078"]
[WhiteElo "2274"]
[BlackElo "2456"]
[Result "1-0"]
[Round "1"]
[TimeControl "180+2"]
[Date "2023.06.13"]
[WhiteClock "0:00:54"]
[BlackClock "0:00:03"]
[Board "54"]

1. d4 d5 2. Nf3 Nf6 3. c4 e6 4. Nc3 c6 5. Bg5 Nbd7 6. e3 Qa5 7. Rc1 Ne4 8. Bf4 Bb4 9. Qb3 O-O 10. Bd3 c5 11. O-O cxd4 12. exd4 dxc4 13. Qxc4 Bxc3 14. bxc3 Ndf6 15. Rfe1 Qd5 16. Qa4 Bd7 17. Qc2 Bc6 18. Ne5 Nd6 19. Nxc6 Qxc6 20. Be5 h6 21. Bxf6 gxf6 22. Qd2 Kg7 23. Re3 Rh8 24. Rg3+ Kf8 25. Qf4 Ke7 26. Rf3 f5 27. Qh4+ Kd7 28. c4 Rhg8 29. d5 exd5 30. Bxf5+ Kc7 31. c5 Nc4 32. Qe7+ Kb8 33. Qxf7 Rd8 34. Rg3 a6 35. h4 Ka7 36. Qg7 Re8 37. Qd4 Rad8 38. Bd3 Ne5 39. Rb1 Nxd3 40. Rxd3 Re7 41. Rb6 Qc7 42. Rd6 Rc8 43. c6+ Ka8 44. Qxd5 bxc6 45. Qc4 Re1+ 46. Kh2 Ka7 47. f4 Qe7 48. Rd7+ Rc7 49. Rxe7 Rcxe7 50. Qc5+ Ka8 51. Qxc6+ Kb8 52. Rd8+ Ka7 53. Ra8# 1-0


[Site "https://www.chess.com"]

[Event "Titled Tuesday Blitz June 13 Late 2023"]
[White "Papayan, Oleg"]
[Black "Kravtsiv, Martyn"]
[WhiteFideId "4193911"]
[BlackFideId "14113147"]
[WhiteElo "2167"]
[BlackElo "2695"]
[Result "0-1"]
[Round "1"]
[TimeControl "180+2"]
[Date "2023.06.13"]
[WhiteClock "0:00:00"]
[BlackClock "0:00:31"]
[Board "55"]

1. e4 e5 2. Nf3 Nc6 3. Bb5 a6 4. Bxc6 dxc6 5. O-O Bg4 6. h3 h5 7. d3 Qf6 8. Be3 Bxf3 9. Qxf3 Qxf3 10. gxf3 f6 11. f4 exf4 12. Bxf4 O-O-O 13. Nd2 g5 14. Be3 Nh6 15. Nc4 Rg8 16. Kh2 f5 17. f3 Re8 18. Rg1 b5 19. Na5 Bd6+ 20. Kh1 f4 21. Bd2 Kd7 22. d4 Ref8 23. c4 g4 24. cxb5 cxb5 25. Raf1 gxh3 26. Kh2 Rg3 27. Rxg3 fxg3+ 28. Kxh3 Ng4 29. e5 Nf2+ 30. Kxg3 Ne4+ 31. fxe4 Rxf1 32. exd6 cxd6 33. a3 Rg1+ 34. Kh2 Rg4 35. Bc3 Rxe4 36. Kh3 Ke6 37. Nc6 Kf5 38. Nb4 Kg5 39. Nxa6 Re3+ 40. Kh2 Kg4 41. Nc7 Re2+ 42. Kg1 h4 43. Nxb5 d5 44. Nc7 h3 45. Nxd5 Kg3 0-1


[Site "https://www.chess.com"]

[Event "Titled Tuesday Blitz June 13 Late 2023"]
[White "Lashkin, Jegor"]
[Black "Kovalevsky, Stanislav"]
[WhiteFideId "13907808"]
[BlackFideId "13508598"]
[WhiteElo "2368"]
[BlackElo "2112"]
[Result "1-0"]
[Round "1"]
[TimeControl "180+2"]
[Date "2023.06.13"]
[WhiteClock "0:00:03"]
[BlackClock "0:00:00"]
[Board "56"]

1. e4 e6 2. d4 d5 3. e5 c5 4. c3 Nc6 5. Nf3 cxd4 6. cxd4 f6 7. Bd3 fxe5 8. Nxe5 Nxe5 9. dxe5 Bb4+ 10. Nd2 Ne7 11. Qg4 Bxd2+ 12. Bxd2 O-O 13. O-O Bd7 14. Bb4 Rf7 15. Rac1 Nc6 16. Bd6 Qb6 17. b4 a6 18. Rcd1 g6 19. h4 Qd4 20. Qh3 Qf4 21. h5 g5 22. Bb1 Nxe5 23. Kh1 g4 24. Qc3 g3 25. Rd4 Qg5 26. Kg1 gxf2+ 27. Rxf2 Rxf2 28. Kxf2 Ng4+ 29. Kg1 Qe3+ 30. Qxe3 Nxe3 31. h6 Nf5 32. Bxf5 exf5 33. Rxd5 Re8 34. Kf2 Kf7 35. Bf4 Bc6 36. Rxf5+ Kg6 37. Rc5 Re4 38. Bd2 Rd4 39. Bc3 Rg4 40. g3 Kxh6 41. Rf5 Kg6 42. Rf6+ Kg5 43. Rd6 Rc4 44. Bd2+ Kf5 45. Rh6 Rc2 46. Ke3 Rxa2 47. Rxh7 Ra3+ 48. Kd4 Rxg3 49. Rf7+ Kg6 50. Rf8 Rg4+ 51. Kc5 Rg2 52. Bf4 Rc2+ 53. Kb6 Rb2 54. Bd6 1-0


[Site "https://www.chess.com"]

[Event "Titled Tuesday Blitz June 13 Late 2023"]
[White "Zavortink, Matt"]
[Black "Harsh Suresh"]
[WhiteFideId "2034263"]
[BlackFideId "45018464"]
[WhiteElo "2454"]
[BlackElo "2209"]
[Result "1/2-1/2"]
[Round "1"]
[TimeControl "180+2"]
[Date "2023.06.13"]
[WhiteClock "0:00:06"]
[BlackClock "0:00:16"]
[Board "57"]

1. Nf3 b6 2. g3 Bb7 3. Bg2 g6 4. O-O Bg7 5. c4 e6 6. Nc3 Ne7 7. d4 O-O 8. Bf4 d6 9. Qd2 Nd7 10. Bh6 a6 11. Rac1 Qc8 12. Rfd1 Nf6 13. Bxg7 Kxg7 14. Qd3 Bc6 15. e4 b5 16. e5 dxe5 17. dxe5 Nd7 18. cxb5 axb5 19. a3 Qb7 20. Qe2 Rfd8 21. h4 h6 22. h5 g5 23. Ne1 Bxg2 24. Nxg2 b4 25. axb4 Qxb4 26. Ne4 Nxe5 27. Nxg5 Rxd1+ 28. Rxd1 N7c6 29. Nf3 Qg4 30. Nd4 Qxe2 31. Nxe2 Ra2 32. Rb1 Nf3+ 33. Kh1 Nce5 34. Ne3 Nd2 35. Rc1 Rxb2 36. Rxc7 Ne4 37. Rc2 Rxc2 38. Nxc2 Nxf2+ 39. Kg2 Nfg4 40. Nf4 Nf6 41. Ne3 Neg4 42. Nxg4 Nxg4 43. Kf3 Ne5+ 44. Ke4 Kf6 45. Ne2 Nc6 46. Kf4 Ne7 47. g4 Nd5+ 48. Kf3 Ke5 49. Ng3 f5 50. gxf5 exf5 51. Ne2 f4 52. Ng1 Nf6 53. Nh3 Nxh5 54. Nf2 Kf5 55. Ng4 Kg5 56. Ne5 Kf6 57. Ng4+ Kg6 58. Ne5+ Kg7 59. Nd3 Kf6 60. Nxf4 Ng7 61. Kg4 Ke5 62. Nh5 Ne6 63. Ng3 Kf6 64. Kh5 Kg7 65. Nf5+ Kf6 66. Nxh6 1/2-1/2


[Site "https://www.chess.com"]

[Event "Titled Tuesday Blitz June 13 Late 2023"]
[White "Bazeev, German"]
[Black "The_Sherman_Variation"]
[WhiteFideId "24119350"]
[WhiteElo "2466"]
[BlackElo "2451"]
[Result "1-0"]
[Round "1"]
[TimeControl "180+2"]
[Date "2023.06.13"]
[WhiteClock "0:02:18"]
[BlackClock "0:01:44"]
[Board "58"]

1. d4 b6 2. e4 Bb7 3. Bd3 e6 4. Nf3 c5 5. c3 d5 6. e5 Nc6 7. a3 Nge7 8. O-O a6 9. b4 cxd4 10. cxd4 b5 11. Nbd2 Nc8 12. Nb3 Nb6 13. Ng5 h6 14. Qh5 hxg5 15. Qxh8 Qe7 16. Qh5 O-O-O 17. Bxg5 f6 18. Bh4 Nc4 19. Rfe1 Rd7 20. Nc5 Rc7 21. exf6 gxf6 22. Rxe6 1-0


[Site "https://www.chess.com"]

[Event "Titled Tuesday Blitz June 13 Late 2023"]
[White "Balla, Tamas-Kristof"]
[Black "Rodrigue-Lemieux, Shawn"]
[WhiteFideId "1208497"]
[BlackFideId "2620049"]
[WhiteElo "2334"]
[BlackElo "2405"]
[Result "0-1"]
[Round "1"]
[TimeControl "180+2"]
[Date "2023.06.13"]
[WhiteClock "0:00:45"]
[BlackClock "0:00:26"]
[Board "59"]

1. e4 g6 2. d4 Bg7 3. Nc3 a6 4. f4 b5 5. Nf3 Bb7 6. Bd3 d6 7. O-O Nd7 8. e5 Nh6 9. Ne2 O-O 10. c3 c5 11. Ng3 Rc8 12. Bd2 Qb6 13. Kh1 cxd4 14. cxd4 dxe5 15. dxe5 Rfd8 16. Qe2 Nc5 17. Bc2 Ne6 18. Be3 Qa5 19. Bb3 Nc5 20. Bxc5 Rxc5 21. Rad1 e6 22. Rxd8+ Qxd8 23. Rd1 Qc7 24. Ng5 Rc1 25. N3e4 Nf5 26. Nf6+ Bxf6 27. exf6 Qxf4 28. Nxe6 Rxd1+ 29. Qxd1 Bxg2+ 30. Kxg2 Ne3+ 0-1


[Site "https://www.chess.com"]

[Event "Titled Tuesday Blitz June 13 Late 2023"]
[White "Kushko, Dmitriy"]
[Black "Arnold, Ken"]
[WhiteFideId "14162261"]
[BlackFideId "2056836"]
[WhiteElo "2230"]
[BlackElo "2449"]
[Result "1-0"]
[Round "1"]
[TimeControl "180+2"]
[Date "2023.06.13"]
[WhiteClock "0:00:57"]
[BlackClock "0:00:04"]
[Board "60"]

1. Nf3 c5 2. g3 d5 3. Bg2 Nf6 4. O-O Nc6 5. d4 Bg4 6. dxc5 Bxf3 7. Bxf3 e5 8. c4 dxc4 9. Qa4 e4 10. Bg2 Qa5 11. Qxc4 Qxc5 12. Qb3 Bd6 13. Nc3 O-O 14. Nxe4 Nxe4 15. Bxe4 Nd4 16. Qd3 f5 17. Bxb7 Rab8 18. Ba6 f4 19. Rd1 fxg3 20. Qxd4 gxh2+ 21. Kh1 Rxf2 22. Qxc5 Bxc5 23. b4 Rxb4 24. Ba3 Ra4 25. Bxc5 1-0


[Site "https://www.chess.com"]

[Event "Titled Tuesday Blitz June 13 Late 2023"]
[White "Mujumdar, Sameer"]
[Black "Goltsev, Dmitry"]
[WhiteFideId "2029707"]
[BlackFideId "24176710"]
[WhiteElo "2104"]
[BlackElo "2356"]
[Result "0-1"]
[Round "1"]
[TimeControl "180+2"]
[Date "2023.06.13"]
[WhiteClock "0:00:28"]
[BlackClock "0:01:25"]
[Board "61"]

1. d4 Nf6 2. Nf3 e6 3. Bf4 d5 4. e3 Bd6 5. Nbd2 Nc6 6. Bd3 Qe7 7. Ne5 Nd7 8. Ndf3 g6 9. O-O f6 10. Nxc6 bxc6 11. Bxd6 cxd6 12. c4 O-O 13. Qc2 f5 14. b4 Bb7 15. cxd5 cxd5 16. Qc7 Rab8 17. Rfc1 Rfd8 18. a3 e5 19. Bb5 e4 20. Nd2 Kf7 21. Bxd7 Qxd7 22. Nb3 Rbc8 23. Qxd7+ Rxd7 24. Rxc8 Bxc8 25. Rc1 Bb7 26. Kf1 Ba6+ 27. Ke1 Bc4 28. Na5 Rc7 29. Kd2 Ke6 30. f4 exf3 31. gxf3 g5 32. e4 h5 33. Nxc4 dxc4 34. Ke3 f4+ 35. Kd2 d5 36. Kc3 dxe4 37. fxe4 g4 38. a4 f3 39. b5 h4 40. Rg1 f2 41. Rf1 g3 0-1


[Site "https://www.chess.com"]

[Event "Titled Tuesday Blitz June 13 Late 2023"]
[White "Kosakowski, Jakub"]
[Black "Karas, Marek"]
[WhiteFideId "1185080"]
[BlackFideId "14928558"]
[WhiteElo "2488"]
[BlackElo "2229"]
[Result "1-0"]
[Round "1"]
[TimeControl "180+2"]
[Date "2023.06.13"]
[WhiteClock "0:00:08"]
[BlackClock "0:00:03"]
[Board "62"]

1. Nc3 e6 2. e4 d5 3. d4 Nf6 4. e5 Nfd7 5. f4 c5 6. Nf3 Nc6 7. Be3 Be7 8. Qd2 O-O 9. Bd3 b6 10. O-O f5 11. exf6 Nxf6 12. h3 Bd7 13. Rae1 c4 14. Be2 a6 15. Ne5 b5 16. Bf3 b4 17. Ne2 Rc8 18. c3 a5 19. Ng3 Nxe5 20. fxe5 Ne8 21. Bg4 Nc7 22. Rxf8+ Bxf8 23. Rf1 Nb5 24. Nh5 Rc7 25. Qf2 Qe8 26. Qg3 Qg6 27. Nf4 Qe8 28. Qf3 Rc8 29. Bh5 g6 30. Bg4 bxc3 31. Nxd5 exd5 32. Qxd5+ Kh8 33. Bxd7 Nc7 34. Qc6 Qd8 35. bxc3 Rb8 36. Rf7 Nb5 37. d5 Bg7 38. e6 Qg8 39. Qxb5 Rxb5 40. Bxb5 Bxc3 41. Bxc4 Bb4 42. Bd4+ Qg7 43. Bxg7+ Kg8 44. d6 Bxd6 45. e7 Bxe7 46. Rxe7# 1-0


[Site "https://www.chess.com"]

[Event "Titled Tuesday Blitz June 13 Late 2023"]
[White "Rama, Tejas"]
[Black "Siddharth, Jagadeesh"]
[WhiteFideId "30907381"]
[BlackFideId "5818320"]
[WhiteElo "2089"]
[BlackElo "2303"]
[Result "1-0"]
[Round "1"]
[TimeControl "180+2"]
[Date "2023.06.13"]
[WhiteClock "0:00:10"]
[BlackClock "0:00:12"]
[Board "63"]

1. d4 Nf6 2. c4 d6 3. Nf3 Nbd7 4. Nc3 e5 5. e4 g6 6. Be2 Bg7 7. O-O O-O 8. Be3 Qe7 9. Qc2 c6 10. d5 c5 11. Nd2 Kh8 12. a3 Ng8 13. b4 Bh6 14. Bxh6 Nxh6 15. Nb3 b6 16. bxc5 Nxc5 17. Nxc5 bxc5 18. Rab1 f5 19. Rb3 fxe4 20. Nxe4 Nf5 21. Rb2 Nd4 22. Qd2 Ba6 23. Rfb1 Rf4 24. f3 Raf8 25. Rb8 Kg7 26. Rxf8 Rxf8 27. Qe3 Qc7 28. Ng5 Rb8 29. Bd3 Rxb1+ 30. Bxb1 Qb6 31. Bd3 Qb3 32. Ne6+ Nxe6 33. dxe6 Bxc4 34. e7 Kf7 35. Qh6 Kxe7 36. Qxh7+ Kf6 37. Qh4+ Kg7 38. Qxc4 Qd1+ 39. Kf2 Qd2+ 40. Be2 Qh6 41. h3 Qg5 42. Qe6 Qh4+ 43. Kf1 Qd4 44. Qe7+ Kg8 45. Qe8+ Kg7 46. Qd7+ Kg8 47. Qc8+ Kg7 48. Qc7+ Kg8 49. Qb8+ Kg7 50. Qxa7+ Kh6 51. Qa5 Qa1+ 52. Qe1 Qxa3 53. Qh4+ Kg7 54. Qe7+ Kh6 55. Qxd6 Qa1+ 56. Kf2 Qc3 57. Qd3 Qb2 58. Qe3+ Kh7 59. Qxc5 Qa1 60. h4 Qb2 61. Qe7+ Kg8 62. Qe8+ Kg7 63. Qd7+ Kg8 64. Qd5+ Kg7 65. Qb5 Qd4+ 66. Kg3 Qf4+ 67. Kh3 Qf5+ 68. g4 Qf4 69. Qb7+ Kh8 70. Qc8+ Kg7 71. Qd7+ Kh8 72. Qd8+ Kg7 73. Qe7+ Kh8 74. Qg5 Qd4 75. Qh6+ Kg8 76. Qxg6+ Kh8 77. Qh6+ Kg8 78. Qg5+ Kh8 79. Qh5+ Kg8 80. Qe8+ Kg7 81. h5 e4 82. Qg6+ Kh8 83. Qxe4 Qg1 84. Qe8+ Kg7 85. Qe7+ Kh8 86. Qf8+ Kh7 87. Bd3# 1-0


[Site "https://www.chess.com"]

[Event "Titled Tuesday Blitz June 13 Late 2023"]
[White "Rustemov, Alexander"]
[Black "Wizard_of_Odds"]
[WhiteFideId "4119002"]
[WhiteElo "2811"]
[BlackElo "2445"]
[Result "0-1"]
[Round "1"]
[TimeControl "180+2"]
[Date "2023.06.13"]
[WhiteClock "0:00:06"]
[BlackClock "0:00:13"]
[Board "64"]

1. d4 d5 2. c4 c6 3. Nc3 Nf6 4. e3 Bf5 5. cxd5 cxd5 6. Qb3 Nc6 7. Qxb7 Bd7 8. Qb3 Rb8 9. Qd1 Bf5 10. Bb5 Qb6 11. Nf3 a6 12. Bxc6+ Qxc6 13. Ne5 Qb7 14. Qa4+ Nd7 15. O-O f6 16. Nxd7 Bxd7 17. Qd1 Rc8 18. Qh5+ g6 19. Qxd5 Bc6 20. Qb3 Bxg2 21. Qxb7 Bxb7 22. e4 e6 23. f3 f5 24. Bf4 Bb4 25. exf5 gxf5 26. Rac1 Kf7 27. Kf2 Rhd8 28. Ne2 Bd5 29. a3 Be7 30. Be5 a5 31. Nf4 Bh4+ 32. Ke3 Rg8 33. Nxd5 exd5 34. Rc5 Rxc5 35. dxc5 Ke6 36. b4 Kxe5 37. f4+ Ke6 38. b5 Rc8 39. c6 Bd8 40. Kd3 Bb6 41. Re1+ Kd6 42. Re5 Rf8 43. a4 h6 44. h3 Rf7 45. Re8 Kc5 46. Re5 Kb4 47. Rxd5 Kxa4 48. Kc4 Ka3 49. Rd3+ Kb2 50. Rb3+ Kc2 51. Rg3 Kd2 52. Rg6 Ke3 53. Rxh6 Kxf4 54. Rd6 Ke5 55. Rd1 f4 56. Re1+ Kd6 57. Rd1+ Kc7 58. Rf1 f3 59. Kd5 f2 60. Ke4 Rh7 61. Kf3 Rxh3+ 62. Kg2 Rb3 63. Rh1 Rxb5 64. Rh7+ Kxc6 65. Rh6+ Kb7 66. Rh7+ Ka6 67. Rh6 Rg5+ 68. Kf1 Rg1+ 69. Ke2 f1=Q+ 70. Kd2 Rg2+ 71. Kc3 Qf3+ 72. Kc4 Rg4# 0-1


[Site "https://www.chess.com"]

[Event "Titled Tuesday Blitz June 13 Late 2023"]
[White "Sztokbant, Bernardo Vainzoff"]
[Black "Miladinovic, Igor"]
[WhiteFideId "2115956"]
[BlackFideId "4203380"]
[WhiteElo "2222"]
[BlackElo "2568"]
[Result "1-0"]
[Round "1"]
[TimeControl "180+2"]
[Date "2023.06.13"]
[WhiteClock "0:00:37"]
[BlackClock "0:00:00"]
[Board "65"]

1. e4 c6 2. d4 d5 3. Nc3 dxe4 4. Nxe4 Nf6 5. Nxf6+ exf6 6. Nf3 Bd6 7. Bd3 O-O 8. O-O Re8 9. Be3 Nd7 10. c4 Nf8 11. h3 Qc7 12. Qc2 Bf4 13. Rfe1 Bxe3 14. Rxe3 Rxe3 15. fxe3 c5 16. Rf1 Bd7 17. Qf2 Re8 18. d5 Ng6 19. Nh4 Ne5 20. Be2 Qa5 21. a3 Qd2 22. b3 Nd3 23. Bxd3 Qxd3 24. e4 b6 25. Nf5 Qxb3 26. Nxg7 Rf8 27. Nh5 Bc8 28. Qxf6 Qe3+ 29. Kh1 Qd4 30. e5 1-0


[Site "https://www.chess.com"]

[Event "Titled Tuesday Blitz June 13 Late 2023"]
[White "Schmakel, Sam"]
[Black "liwadas82"]
[WhiteFideId "2039311"]
[WhiteElo "2356"]
[BlackElo "2441"]
[Result "1/2-1/2"]
[Round "1"]
[TimeControl "180+2"]
[Date "2023.06.13"]
[WhiteClock "0:00:58"]
[BlackClock "0:00:05"]
[Board "66"]

1. d4 Nf6 2. Bf4 e6 3. Nd2 d5 4. e3 Bd6 5. Bg3 Bxg3 6. hxg3 b6 7. Ngf3 Ba6 8. Bxa6 Nxa6 9. c3 Nb8 10. Qe2 Nbd7 11. e4 dxe4 12. Nxe4 h6 13. O-O-O Qe7 14. Ne5 Nxe5 15. dxe5 Nxe4 16. Qxe4 O-O 17. f4 c5 18. g4 Rad8 19. Rxd8 Rxd8 20. g5 Qd7 21. gxh6 g6 22. g4 Qd2+ 23. Kb1 Kh7 24. f5 Qd3+ 25. Qxd3 Rxd3 26. f6 Re3 27. Rd1 Rxe5 28. Rd7 Kxh6 29. Rxa7 Kg5 30. Rxf7 Kxg4 31. Rb7 Rf5 32. f7 Kf3 33. Rxb6 g5 34. Rxe6 g4 35. Rg6 g3 36. a4 Rxf7 37. Ka2 g2 38. b4 cxb4 39. cxb4 Rf4 40. Rxg2 Kxg2 41. Kb3 Kf3 42. a5 Ke4 43. Kc4 Ke5+ 44. Kc5 Rf1 45. a6 Rc1+ 46. Kb6 Kd6 47. b5 Ra1 48. Kb7 Kd7 49. b6 Kd6 50. a7 Kc5 51. Kc7 Ra2 52. Kb7 Ra1 53. Kc7 Ra2 54. Kb8 Kxb6 55. a8=Q Rxa8+ 56. Kxa8 1/2-1/2


[Site "https://www.chess.com"]